Description

Imorratal Rush

VOD

https://www.youtube.com/watch?v=joMDyi9sNPw

Replay - Top 10 Protoss Cheeses PvZ CR Into Immortals Game 5

Build Order

Get SALT Encoding   

  12  0:00  Probe  
  13  0:12  Probe  
  14  0:18  Pylon  
  14  0:24  Probe  
  15  0:39  Gateway  
  15  0:41  Probe  
  16  0:51  Assimilator  
  16  0:53  Probe  
  17  1:01  Forge  
  17  1:06  Probe  
  18  1:24  Probe, Pylon  
  19  1:36  Probe  
  20  1:42  Photon Cannon x2  
  20  1:50  Cybernetics Core  
  20  1:54  Probe  
  21  2:00  Assimilator  
  21  2:06  Probe  
  22  2:12  Photon Cannon  
  23  2:32  Robotics Facility  
  23  2:39  Photon Cannon  
  23  2:46  Pylon  
  23  3:04  Pylon  
  23  3:08  Immortal  
  23  3:24  Shield Battery  
  27  3:29  Pylon  
  27  3:35  Warp Prism  
  29  3:50  Photon Cannon x2  
  29  3:59  Shield Battery  
  29  4:18  Immortal  
  33  4:41  Shield Battery  
  33  4:48  Shield Battery  
  33  5:09  Shield Battery x2  
  37  5:29  Shield Battery  
Spawning Tool Build Advisor. Get it on Overwolf

Analysis

ImmortalRush

Go to:

Details

  • Created by: Pose1don
  • Published on: Oct 14, 2019
  • Modified on: Oct 14, 2019
  • Patch: 4.7.1
Show
View Real Time Build Order
Export as new Build Order

Comments (0)

There are no comments. Be the first!

Create an account to comment!